 Dungeon Crawl Stone Soup version 0.19.1 (webtiles) character file.

4097 PossumBlood the Fighter (level 10, -6/99 HPs)
             Began as a Minotaur Fighter on Dec 15, 2016.
             Was a Priest of Okawaru.
             Mangled by a troll (7 damage)
             ... on level 8 of the Dungeon.
             The game lasted 00:15:10 (6304 turns).

PossumBlood the Fighter (Minotaur Fighter)          Turns: 6304, Time: 00:15:10

Health: -6/99      AC: 13    Str: 24      XL:     10   Next: 5%
Magic:  9/9        EV:  4    Int:  5      God:    Okawaru [***...]
Gold:   318        SH: 10    Dex:  8 (10) Spells: 0 memorised, 9 levels left

rFire  . . .     SeeInvis .     a - +1 war axe
rCold  . . .     Gourm    .     h - +0 plate armour
rNeg   . . .     Faith    .     c - +1 shield
rPois  .         Spirit   .     (helmet restricted)
rElec  .         Reflect  .     u - +1 cloak
rCorr  .         Harm     .     (no gloves)
MR     .....                    (no boots)
Stlth  ..........               (no amulet)
                                (no ring)
                                (no ring)

@: no status effects
A: retaliatory headbutt, horns 2, talons 1, deterioration 1
a: Heroism, Renounce Religion


You were on level 8 of the Dungeon.
You worshipped Okawaru.
Okawaru was most pleased with you.
You were not hungry.

You visited 2 branches of the dungeon, and saw 9 of its levels.

You collected 400 gold pieces.
You spent 82 gold pieces at shops.

Inventory:

Hand Weapons
 a - a +1 war axe (weapon)
 g - a +2 quarterstaff of crushing
Armour
 c - a +1 shield (worn)
 h - a +0 plate armour (worn)
 u - a +1 cloak (worn)
Jewellery
 m - an uncursed ring of flight
Scrolls
 b - a scroll of enchant weapon
 e - 2 scrolls of recharging
 i - a scroll of magic mapping
 n - 6 scrolls of remove curse
 p - 4 scrolls of identify
 r - 3 scrolls of amnesia
Potions
 o - 3 potions of mutation
 q - 2 potions of flight
 t - a potion of haste {unknown}
Books
 j - a book of the Sky

   Spells                             Type                      Level
   a - Summon Lightning Spire         Summoning/Air                4
   b - Airstrike                      Air                          4
   c - Silence                        Hexes/Air                    5
   d - Deflect Missiles               Charms/Air                   6
   e - Conjure Ball Lightning         Conjuration/Air              6
   f - Tornado                        Air                          9
Comestibles
 f - a bread ration


   Skills:
 + Level 12.5 Fighting
 + Level 12.1 Axes
 - Level 3.6 Armour
 - Level 3.6 Shields


You had 9 spell levels left.
You didn't know any spells.

Dungeon Overview and Level Annotations

Branches:
Dungeon (8/15)             Temple (1/1) D:6            Lair (0/6) D:8

Altars:
Ashenzari
Cheibriados
Dithmenos
Elyvilon
Fedhas
Gozag
Hepliaklqana
Kikubaaqudgha
Makhleb
Nemelex Xobeh
Okawaru
Qazlal
Ru
Sif Muna
Trog
Uskayaw
Vehumet
Xom
Yredelemnul
Zin
The Shining One

Shops:
D:5 ?


Innate Abilities, Weirdness & Mutations

You reflexively headbutt those who attack you in melee.
You have a pair of horns on your head.
You have sharp toenails.
Your body sometimes deteriorates upon taking damage.


Message History

The two-headed ogre hits you but does no damage.
The two-headed ogre barely misses you. You block the centaur zombie's attack.
The troll bites you! You block the troll's attack. The troll barely misses you.
Your shield prevents you from hitting the two-headed ogre.
The two-headed ogre is heavily wounded.
You hit the troll. You slash the centaur zombie!
You destroy the centaur zombie!
Okawaru accepts your kill.
The two-headed ogre hits you with a dire flail!!
* * * LOW HITPOINT WARNING * * *
The two-headed ogre hits you but does no damage.
The troll bites you.
* * * LOW HITPOINT WARNING * * *
You block the troll's attack. x2
You slash the two-headed ogre!
The two-headed ogre is severely wounded.
You hit the troll. You block the troll's attack. The troll claws you!
* * * LOW HITPOINT WARNING * * *
The troll claws you!
You die...

.###......##..≈≈≈≈≈.≈≈≈....
# #..........≈≈≈≈†.≈≈≈≈...
#.........≈.≈≈.≈.≈≈≈≈≈..
#....(......≈≈.≈.≈≈≈≈...
##.......<....≈.≈.†≈..≈..
#......(.................
#........................
#............TO##########
#............†@#
#...............#
#............#...#
#............##.....
#...........####......
..........# #....# .....#
.#### ...# ##


You could see a troll and a two-headed ogre.

Vanquished Creatures
  Maurice (D:8)
  Prince Ribbit (D:8)
  A shadow (D:8)
  A vampire (D:7)
  2 hungry ghosts (D:7)
  A water moccasin (D:5)
  A phantom (D:7)
  2 orc warriors
  5 sky beasts
  3 wolves (D:8)
  3 centaurs
  4 scorpions
  A wyvern skeleton (D:7)
  2 electric eels (D:8)
  A howler monkey (D:5)
  A bullfrog zombie (D:6)
  2 crimson imps
  A centaur zombie (D:8)
  7 hounds
  5 orc priests
  2 centaur skeletons
  An iguana (D:5)
  Natasha (twice) (D:4)
  6 orc wizards
  7 worker ants
  2 killer bee zombies
  2 hound zombies
  A hound skeleton (D:4)
  A howler monkey skeleton (D:5)
  4 gnolls (D:8)
  7 adders
  5 shadow imps
  3 oozes
  An adder zombie (D:5)
  2 worms
  A dart slug (D:1)
  A leopard gecko (D:3)
  23 orcs
  9 giant cockroaches
  6 goblins
  6 hobgoblins
  4 quokkas
  A ball python skeleton (D:5)
  3 bats
  3 frilled lizards
  4 kobolds
  A leopard gecko skeleton (D:5)
  A leopard gecko zombie (D:5)
  2 quokka skeletons
  5 rats
161 creatures vanquished.

Notes
Turn   | Place    | Note
-------+----------+-------------------------------------------
     0 | D:1      | PossumBlood the Minotaur Fighter began the quest for the Orb.
     0 | D:1      | Reached XP level 1. HP: 19/19 MP: 0/0
   111 | D:1      | Reached XP level 2. HP: 22/27 MP: 1/1
   878 | D:2      | Found a glowing golden altar of the Shining One.
   896 | D:2      | Reached XP level 3. HP: 34/34 MP: 2/2
  1382 | D:3      | Gained mutation: Your body sometimes deteriorates upon taking damage. [potion of mutation]
  1382 | D:3      | Gained mutation: You have sharp toenails. [potion of mutation]
  1436 | D:3      | Reached skill level 5 in Fighting
  1477 | D:3      | Reached XP level 4. HP: 39/42 MP: 3/3
  1992 | D:3      | Reached XP level 5. HP: 48/48 MP: 4/4
  2248 | D:4      | Reached skill level 5 in Axes
  2331 | D:4      | Reached XP level 6. HP: 28/57 MP: 5/5
  2548 | D:4      | Noticed a sky beast
  2564 | D:4      | Killed a sky beast
  2637 | D:4      | Noticed Natasha
  2646 | D:4      | Killed Natasha
  2727 | D:4      | Noticed Natasha
  2733 | D:4      | Killed Natasha
  2773 | D:5      | Entered Level 5 of the Dungeon
  2883 | D:5      | Reached XP level 7. HP: 64/66 MP: 6/6
  3267 | D:5      | Reached XP level 8. HP: 40/75 MP: 7/7
  3720 | D:5      | Found Ograst's Magic Scroll Shop.
  3729 | D:5      | Bought a scroll of enchant weapon for 82 gold pieces
  4143 | D:6      | Found a staircase to the Ecumenical Temple.
  4172 | Temple   | Entered the Ecumenical Temple
  4185 | Temple   | Became a worshipper of Warmaster Okawaru
  4765 | D:7      | Reached skill level 10 in Fighting
  4906 | D:7      | Reached skill level 10 in Axes
  5005 | D:7      | Reached * piety under Okawaru
  5005 | D:7      | Reached XP level 9. HP: 69/86 MP: 8/8
  5180 | D:7      | HP: 6/129 [something (5)]
  5724 | D:8      | Noticed Prince Ribbit
  5726 | D:8      | Noticed a troll
  5750 | D:8      | Noticed Maurice
  5753 | D:8      | Reached ** piety under Okawaru
  5772 | D:8      | HP: 3/90 [Prince Ribbit (13)]
  5774 | D:8      | Killed Prince Ribbit
  5795 | D:8      | Killed Maurice
  6238 | D:8      | Reached XP level 10. HP: 97/99 MP: 9/9
  6284 | D:8      | Found a staircase to the Lair.
  6299 | D:8      | Reached *** piety under Okawaru
  6304 | D:8      | HP: 1/99 [troll (7)]
  6304 | D:8      | Mangled by a troll

Skill      XL: |  1  2  3  4  5  6  7  8  9 |
---------------+----------------------------+-----
Fighting       | 4 5 6 7 8 10 12 | 12.5
Axes           | 3 4 5 6 8 10 12 | 12.1
Armour         | |  3.6
Shields        | |  3.6

Action                   |  1- 3 |  4- 6 |  7- 9 | 10-12 || total
-------------------------+-------+-------+-------+-------++-------
Melee: War axe           |    69 |   126 |   285 |    14 ||   494
       Headbutt          |    11 |    23 |    40 |       ||    74
       Kick              |     3 |    31 |    74 |     1 ||   109
Invok: Heroism           |       |       |     2 |       ||     2
  Use: Potion            |     7 |     3 |    10 |       ||    20
       Scroll            |     4 |     5 |     4 |       ||    13
  Eat: Meat ration       |     1 |     1 |       |       ||     2
       Beef jerky        |       |       |     2 |       ||     2
       Bread ration      |       |       |     2 |       ||     2
       Royal jelly       |       |       |     1 |       ||     1
       Pizza             |       |       |     1 |       ||     1
Armor: Scale mail        |    20 |    45 |    68 |       ||   133
       Plate armour      |       |       |    28 |    13 ||    41
       Skin              |       |       |     7 |       ||     7
Dodge: Dodged            |    16 |    36 |    49 |     9 ||   110
Block: Shield            |    38 |    50 |   126 |    18 ||   232
